 Dungeon Crawl Stone Soup version 0.26-a0-639-g72c4674329 (webtiles) character file.

Game seed: 895841453373959522

203 Borgoz the Skirmisher (level 5, 0/34 HPs)
             Began as a Gargoyle Berserker on Sept 19, 2020.
             Was a Priest of Trog.
             Slain by a lemure (2 damage)
             ... led by Pikel
             ... while paralysed
             ... on level 4 of the Dungeon.
             The game lasted 00:02:48 (2197 turns).

Borgoz the Skirmisher (Gargoyle Berserker)          Turns: 2197, Time: 00:02:48

Health: 0/34       AC: 12    Str: 27    XL:     5   Next: 81%
Magic:  5/5        EV:  2    Int:  7    God:    Trog [***...]
Gold:   100        SH:  0    Dex: 10    Spells: 4/4 levels left

rFire    . . .     SeeInvis .   t - +0 flail
rCold    . . .     Faith    .   (no shield)
rNeg     + . .     Spirit   .   k - +0 scale mail
rPois    ∞         Reflect  .   (no helmet)
rElec    +         Harm     .   (no cloak)
rCorr    +         Rampage  .   r - +0 pair of gloves
MR       .....                  (no boots)
Stlth    ..........             (no amulet)
HPRegen  0.11/turn              f - +6 ring of strength
MPRegen  0.09/turn              a - ring of resist corrosion

@: paralysed, berserk cooldown, slowed
A: negative energy resistance 1, electricity resistance, unbreathing,
petrification resistance, rot immunity, AC +4
a: Berserk, Trog's Hand, Renounce Religion


You were on level 4 of the Dungeon.
You worshipped Trog.
Trog was most pleased with you.
You visited 1 branch of the dungeon, and saw 4 of its levels.

You collected 100 gold pieces.

Inventory:

Hand Weapons
 t - a +0 flail (weapon)
Missiles
 d - 2 throwing nets (quivered)
Armour
 k - a +0 scale mail (worn)
 r - a +0 pair of gloves (worn)
Jewellery
 a - a ring of resist corrosion (right hand)
 f - a +6 ring of strength (left hand)
 s - an uncursed ring of protection from fire
Scrolls
 b - a scroll of immolation {unknown}
 c - a scroll of magic mapping {unknown}
 e - a scroll of identify {unknown}
 h - 4 scrolls of teleportation {unknown}
 l - a scroll of enchant weapon {unknown}
 m - 2 scrolls of amnesia {unknown}
 o - 2 scrolls of enchant armour {unknown}
 u - 2 scrolls of remove curse {unknown}
Potions
 g - a potion of invisibility {unknown}
 i - a potion of curing {unknown}
 j - a potion of flight {unknown}
 n - 2 potions of might {unknown}
 p - 2 potions of haste {unknown}
 q - a potion of magic {unknown}
 v - a potion of degeneration {unknown}


   Skills:
 + Level 4.4 Fighting
 + Level 4.0 Maces & Flails
 + Level 3.7 Armour
 + Level 2.6 Dodging


You had 4 spell levels left.
You didn't know any spells.
Your spell library was empty.

Dungeon Overview and Level Annotations

Branches:
Dungeon (4/15)
 Temple: D:4-7

Altars:

Annotations:
D:4 Pikel


Innate Abilities, Weirdness & Mutations

You are resistant to torment.
Your stone body is resilient. (AC +4)
You are immune to poison.
You resist negative energy. (rN+)
You are resistant to electric shocks. (rElec)
You can survive without breathing.
You are immune to petrification.
You are immune to rotting.


Message History

Pikel burns you.
* * * LOW HITPOINT WARNING * * *
You barely miss the lemure. The lemure hits you but does no damage.
The lemure barely misses you. The lemure hits you.
* * * LOW HITPOINT WARNING * * *
Pikel hits you with a +1 whip of flaming.
* * * LOW HITPOINT WARNING * * *
Pikel burns you.
* * * LOW HITPOINT WARNING * * *
You miss the lemure. The lemure hits you but does no damage.
The lemure closely misses you. The lemure hits you but does no damage.
The lemure hits you but does no damage.
You feel a strong urge to attack something.
You are no longer berserk.
You pass out from exhaustion.
You feel yourself slow down.
Pikel says, "You'll make a fine lemure."
Pikel hits you but does no damage. x2
The lemure hits you.
You die...

#......#.......######
#.#.................#
#.#.#########.......#
#.# ##.......#
#...####........#
#.................
#...####........###
#...####........#
........5@######..
........5K# ..
.........5#
..).......#
.#........#
#........#
............
.............
.............#


You could see Pikel and 3 lemures.

Vanquished Creatures
  A lemure (D:4)
  Natasha (twice) (D:4)
  A worker ant (D:4)
  A hound skeleton (D:2)
  3 adders
  6 dart slugs
  7 leopard geckos
  3 giant cockroaches (D:2)
  7 goblins
  7 hobgoblins
  9 jackals
  A ball python (D:2)
  6 bats
  12 frilled lizards
  8 kobolds
  2 rats
76 creatures vanquished.

Vanquished Creatures (others)
  5 plants (D:2)
5 creatures vanquished.

Grand Total: 81 creatures vanquished

Notes
Turn   | Place    | Note
-------+----------+-------------------------------------------
     0 | D:1      | Borgoz the Gargoyle Berserker began the quest for the Orb.
     0 | D:1      | Reached XP level 1. HP: 14/14 MP: 1/1
   217 | D:1      | Reached XP level 2. HP: 13/19 MP: 2/2
   622 | D:1      | Reached XP level 3. HP: 23/23 MP: 3/3
   875 | D:2      | Reached ** piety under Trog
   945 | D:2      | Reached XP level 4. HP: 25/29 MP: 4/4
  1855 | D:3      | Reached XP level 5. HP: 30/33 MP: 5/5
  2137 | D:4      | Noticed Natasha
  2144 | D:4      | Killed Natasha
  2144 | D:4      | Reached *** piety under Trog
  2173 | D:4      | Noticed a lemure
  2173 | D:4      | Noticed a lemure
  2174 | D:4      | Noticed Pikel
  2174 | D:4      | Noticed a lemure
  2174 | D:4      | Noticed Natasha
  2175 | D:4      | Noticed a lemure
  2183 | D:4      | Killed Natasha
  2189 | D:4      | Killed a lemure
  2197 | D:4      | Slain by a lemure

Illustrated notes

Levels and vault maps discovered:
D:1:      grunt_arrival_lava_bath, layout_loops_ring, hangedman_decor_riveting
D:2:      minmay_diamond_boxcup, layout_rooms, minmay_lizard_king
D:3:      cheibrodos_helix_gallery, layout_basic
D:4:      layout_basic, grunt_gozag_breadcrumbs, uniq_natasha, uniq_pikel

Skill      XL: |  1  2  3  4  5 |
---------------+----------------+-----
Dodging        | 2 |  2.6
Armour         | 3 |  3.7
Fighting       | 4 |  4.4
Maces & Flails | 4 |  4.0

Action                   |  1- 3 |  4- 6 || total
-------------------------+-------+-------++-------
Melee: Mace              |    91 |    55 ||   146
       Flail             |       |    64 ||    64
Invok: Berserk           |     1 |     1 ||     2
Armor: Animal skin       |     9 |       ||     9
       Scale mail        |    41 |    80 ||   121
Dodge: Dodged            |    80 |   102 ||   182

Table legend: (Time is in decaauts)
 A = Elapsed time spent in this place.
 B = Non-inter-level travel time spent in this place.
 C = Inter-level travel time spent in this place.
 D = Time resting spent in this place.
 E = Time spent auto-exploring this place.
 F = Levels seen in this place.
 G = Mean time per level.
                   A        B        C        D        E       F      G
               +--------+--------+--------+--------+--------+-----+--------+
         Total |   2247 |   2134 |    113 |    178 |   1469 |   4 |  561.8 |
       Dungeon |   2247 |   2134 |    113 |    178 |   1469 |   4 |  561.8 |
               +--------+--------+--------+--------+--------+-----+--------+

Top non-repeatable levels by time:
     D:1: 861 daAuts
     D:2: 716 daAuts
     D:3: 578 daAuts
     D:4: 90 daAuts
